 Dungeon Crawl Stone Soup version 0.31-a0-819-gf6de2f5ab6 (webtiles) character file.

Game seed: 4790413879940325957

5043 ShangFenghuang the Protected (level 10, -7/63 HPs)
             Began as a Gargoyle Earth Elementalist on Sept 25, 2023.
             Was a Follower of Vehumet.
             Killed by divine providence
             ... invoked by a meliai
              (13 damage)
             ... on level 8 of the Dungeon.
             The game lasted 01:06:21 (8045 turns).

ShangFenghuang the Protected (GrEE)                 Turns: 8045, Time: 01:06:21

Health: -7/63      AC: 20    Str: 17    XL:     10   Next: 55%
Magic:  28/28      EV: 10    Int: 23    God:    Vehumet [*.....]
Gold:   464        SH:  0    Dex: 10    Spells: 16/22 levels left

rFire   . . .        d - staff of earth
rCold   + . .        (no shield)
rNeg    + + .        P - +2 scale mail {rC+}
rPois   ∞            (no helmet)
rElec   +            (no cloak)
rCorr   .            j - +0 pair of gloves
SInv    +            G - +0 pair of boots
Will    .....        u - amulet of magic regeneration Stlth
                     e - ring of Vehumet's Supremacy {rN+ MP+9 Str+4 Int+2}
HPRegen 0.30/turn    h - ring "Xyfruyd" {rPois Int+2 SInv}
MPRegen 0.61/turn

%: no passive effects
@: no status effects
A: sickness immunity, AC +7, negative energy resistance 1, electricity
resistance, torment resistance 1, petrification resistance
a: Renounce Religion


You were on level 8 of the Dungeon.
You worshipped Vehumet.
Vehumet was aware of your devotion.
You visited 3 branches of the dungeon, and saw 10 of its levels.

You collected 500 gold pieces.
You spent 36 gold pieces at shops.

Inventory:

Hand Weapons
 z - a +2 spear of freezing
 C - a +0 trident
 N - a +2 whip of electrocution
 R - a +5 mace
Missiles
 f - a throwing net
Armour
 a - a +0 robe
 j - a +0 pair of gloves (worn)
 m - a +0 ring mail
 y - a +0 plate armour
 D - a +0 scale mail
 E - a +0 chain mail
 G - a +0 pair of boots (worn)
 O - a +0 robe of willpower
 P - a +2 scale mail of cold resistance (worn)
Magical Staves
 d - a staff of earth (weapon)
Jewellery
 e - the ring of Vehumet's Supremacy (left hand) {rN+ MP+9 Str+4 Int+2}
   (You acquired it on level 1 of the Dungeon)

   [ring of positive energy]

   Str+4:     It affects your strength (+4).
   Int+2:     It affects your intelligence (+2).
   rN+:       It protects you from negative energy.
   MP+9:      It affects your magic capacity (+9).
 h - the ring "Xyfruyd" (right hand) {rPois Int+2 SInv}
   (You found it on level 2 of the Dungeon)

   [ring of poison resistance]

   Int+2:     It affects your intelligence (+2).
   rPois:     It protects you from poison SInv: It lets you see invisible.
 s - a ring of resist corrosion
 u - an amulet of magic regeneration (around neck)
 I - a ring of willpower
 L - a ring of protection from cold
Talismans
 K - a flux talisman
Wands
 i - a wand of quicksilver (13)
 q - a wand of polymorph (9)
 x - a wand of flame (22)
Scrolls
 l - a scroll of teleportation
 n - 2 scrolls of fear {unknown}
 o - a scroll of brand weapon {unknown}
 p - 2 scrolls of amnesia {unknown}
 r - a scroll of poison {unknown}
 A - 2 scrolls of enchant weapon {unknown}
 B - 2 scrolls of revelation {unknown}
 F - a scroll of vulnerability {unknown}
 Q - a scroll of identify
Potions
 b - a potion of magic
 c - 4 potions of curing
 g - a potion of brilliance
 k - a potion of lignification
 t - a potion of haste
 v - 2 potions of enlightenment
 w - 3 potions of mutation
 H - a potion of cancellation
 J - 2 potions of ambrosia {unknown}
 M - a potion of berserk rage {unknown}


   Skills:
 + Level 7.5 Fighting
 * Level 9.3 Armour
 - Level 1.5 Dodging
 - Level 2.2 Stealth
 + Level 6.5 Spellcasting
 - Level 5.0 Conjurations
 - Level 0.7 Transmutations
 + Level 8.8 Earth Magic


You had 16 spell levels left.
You knew the following spells:

 Your Spells              Type           Power      Damage    Failure   Level
a - Sandblast             Erth           100%       2d20      1%          1
b - Passwall              Tmut/Erth      36%        N/A       4%          2
c - Stone Arrow           Conj/Erth      100%       3d13      4%          3

Your spell library contained the following spells:

 Spells                   Type           Power      Damage    Failure   Level
 Freeze                   Ice            28%        1d5       22%         1
 Brom's Barrelling Bould  Conj/Erth      56%        2d7       13%         4
 Petrify                  Tmut/Erth      44%        N/A       32%         4
 Lesser Beckoning         Tloc           14%        N/A       34%         2
 Frozen Ramparts          Ice            14%        1d3       56%         3
 Gell's Gravitas          Tloc           7%         N/A       56%         3
 Teleport Other           Tloc           7%         N/A       56%         3
 Metabolic Englaciation   Hex/Ice        3%         N/A       99%         5


Dungeon Overview and Level Annotations

Branches:
Dungeon (8/15)             Temple (1/1) D:5            Lair (1/5) D:8

Altars:
Ashenzari
Cheibriados
Dithmenos
Elyvilon
Fedhas
Hepliaklqana
Kikubaaqudgha
Makhleb
Okawaru
Qazlal
Ru
Sif Muna
Trog
Vehumet
Wu Jian
Xom
Yredelemnul
Zin
The Shining One
Lugonu

Shops:
D:1 *   D:3 ?   D:5 :

Portals:
Abyss: D:6

Annotations:
D:4 2 runed translucent doors, Pokonic1's ghost, amateur DsNe
D:6 2 runed translucent doors
D:7 1 runed translucent door, Crazy Yiuf


Innate Abilities, Weirdness & Mutations

You are immune to sickness and miasma.
Your stone body is resilient. (AC +7)
You are immune to poison.
You resist negative energy. (rN+)
You are resistant to electric shocks. (rElec)
You are resistant to unholy torment.
You are immune to petrification.


Message History

The steam dragon is severely wounded.
A meliai comes into view.
It is wielding a +0 broad axe and wearing a +2 chain mail of fire resistance.
The steam dragon breathes steam at you. The ball of steam hits you!!
A two-headed ogre comes into view. It is wielding two +0 giant clubs.
The meliai moves out of view.
You hear a shout!
The two-headed ogre shouts in stereo!
You hear a shout! x2
You hear a bark!
You hear an angry buzzing noise.
Aiming: Sandblast (safe; 1% risk of failure)
Press: ? - help, Q - select action, (/) - cycle Shift-Dir - straight line, f/p - steam dragon
Aim: a steam dragon (steam, severely wounded, catching its breath, 85% to hit)
You feel a surge of power!
The blast of sand hits the steam dragon!
You kill the steam dragon!
Vehumet accepts your kill.
The steam dragon scales are intact enough to wear.
You are engulfed in a cloud of scalding steam.
You hear an angry buzzing noise.
You are engulfed in a cloud of scalding steam.
* * * LOW HITPOINT WARNING * * *
The meliai buzzes angrily.
You hear a bark!
An orc comes into view. It is wielding a +0 club.
You are engulfed in a cloud of scalding steam.
There is an open door here.
Things that are here:
a +0 dagger; a +0 leather armour You close the door, pushing everything out of the way.
A meliai opens the door.
The meliai closely misses you. The meliai misses you.
You open the door.
The meliai hits you with a +0 broad axe!
* * * LOW HITPOINT WARNING * * *
The meliai closely misses you.
The meliai hits you with a +0 broad axe!
* * * LOW HITPOINT WARNING * * *
The meliai closely misses you.
There is an open door here.
The meliai calls down the wrath of its god upon you.
Something smites you!
You die...

#.ooo...................
#%.................<....
#.......................
#...........)O..y[Oo....
##+#########'########o..
#.........#........#
#.........#y.......#
#.........'........#
#>.......@#........#
#.........#........#
#...##...####.##.###
#...##...####.##.####
#...##.....'.........
#..........#...........#
#..........#............
#..........#...........#
#....#.....########+##.#.


You could see a meliai.

Vanquished Creatures
  Pikel (D:7)
  Joseph (D:8)
  2 komodo dragons (Lair:1)
  Prince Ribbit (D:6)
  Sigmund (D:2)
  A wraith (D:8)
  6 yaks (Lair:1)
  3 steam dragons
  A water moccasin (Lair:1)
  An ice beast (D:7)
  An ogre (D:4)
  A centaur (D:5)
  2 lemures (D:7)
  A phantom (D:5)
  4 gnoll sergeants
  4 bullfrogs
  A scorpion (D:5)
  4 wights
  An orc priest (D:5)
  A jelly (D:6)
  A gnoll bouda (D:8)
  4 hounds (D:5)
  4 iguanas
  5 sleepcaps
  Ijyb (D:3)
  2 orc wizards (D:3)
  10 gnolls
  2 adders
  A white imp (D:8)
  An ufetubus (D:5)
  10 worms
  8 dart slugs
  20 orcs
  12 ball pythons
  5 bats
  13 endoplasms
  10 giant cockroaches
  6 goblins
  7 hobgoblins
  7 jackals
  7 quokkas
  7 frilled lizards
  3 kobolds
  A rat (D:1)
185 creatures vanquished.

Notes
Turn   | Place    | Note
-------+----------+-------------------------------------------
     0 | D:1      | ShangFenghuang the Gargoyle Earth Elementalist began the
                  | quest for the Orb.
     0 | D:1      | Reached XP level 1. HP: 10/10 MP: 3/3
   113 | D:1      | Found a faded altar of an unknown god.
   268 | D:1      | Reached XP level 2. HP: 16/16 MP: 3/5
   558 | D:1      | Reached skill level 1 in Fighting
   558 | D:1      | Reached XP level 3. HP: 20/20 MP: 2/6
   559 | D:1      | Reached skill level 1 in Armour
   658 | D:1      | Identified a scroll of acquirement
   658 | D:1      | Acquired the ring of Vehumet's Supremacy {rN+ MP+9 Str+4
                  | Int+2}
   779 | D:1      | Found Usat's Assorted Antiques.
  1290 | D:2      | Identified the ring "Xyfruyd" {rPois Int+2 SInv}
  1314 | D:2      | Noticed Sigmund
  1338 | D:3      | Found a stormy altar of Qazlal.
  1344 | D:3      | Reached XP level 4. HP: 21/25 MP: 7/7
  1564 | D:3      | Found a sacrificial altar of Ru.
  1678 | D:3      | Found a hazy altar of Hepliaklqana.
  1717 | D:3      | Reached skill level 5 in Earth Magic
  1717 | D:3      | Reached XP level 5. HP: 30/30 MP: 9/9
  1723 | D:3      | Reached skill level 2 in Armour
  1727 | D:3      | Noticed Ijyb
  1745 | D:3      | Killed Ijyb
  1817 | D:3      | Found an iron altar of Okawaru.
  1825 | D:3      | Found Qaot's Magic Scroll Emporium.
  1841 | D:3      | Bought a scroll of teleportation for 36 gold pieces
  2009 | D:2      | Learned a level 2 spell: Passwall
  2013 | D:2      | Learned a level 3 spell: Stone Arrow
  2125 | D:2      | Killed Sigmund
  2126 | D:2      | Reached XP level 6. HP: 36/36 MP: 10/10
  2503 | D:3      | Reached skill level 3 in Armour
  2709 | D:4      | Noticed a sky beast
  2732 | D:4      | Reached XP level 7. HP: 41/41 MP: 12/12
  2927 | D:4      | Found a blossoming altar of Fedhas.
  3000 | D:4      | Found a runed translucent door.
  3003 | D:4      | Noticed Pokonic1's ghost (amateur DsNe)
  3118 | D:4      | Found a runed translucent door.
  3362 | D:5      | Entered Level 5 of the Dungeon
  3385 | D:5      | Found a staircase to the Ecumenical Temple.
  3391 | D:5      | Reached skill level 1 in Conjurations
  3410 | Temple   | Entered the Ecumenical Temple
  3582 | D:5      | Reached skill level 4 in Armour
  3692 | D:5      | Reached XP level 8. HP: 40/48 MP: 13/13
  3783 | D:5      | Found a shimmering blue altar of Sif Muna.
  3834 | D:5      | Found Cyisari's Self-Published Books.
  4621 | D:6      | Noticed Prince Ribbit
  4624 | D:6      | Killed Prince Ribbit
  4625 | D:6      | Reached skill level 5 in Armour
  4795 | D:6      | Found a large runed translucent door.
  4896 | D:6      | Found a large runed translucent door.
  4997 | D:6      | Found an ancient bone altar of Kikubaaqudgha.
  5114 | D:6      | Found a broken altar of Ashenzari.
  5297 | D:6      | Found a burning altar of Makhleb.
  5378 | D:6      | Found a corrupted altar of Lugonu.
  5401 | D:6      | Found a one-way gate to the infinite horrors of the Abyss.
  5593 | D:7      | Found a runed translucent door.
  5594 | D:7      | Noticed Crazy Yiuf
  6037 | D:7      | Reached skill level 5 in Fighting
  6037 | D:7      | Reached skill level 5 in Conjurations
  6062 | D:7      | Reached XP level 9. HP: 35/54 MP: 16/16
  6209 | D:7      | Found a radiant altar of Vehumet.
  6210 | D:7      | Found a bloodstained altar of Trog.
  6210 | D:7      | Found an ornate altar of the Wu Jian Council.
  6213 | D:7      | Noticed Pikel
  6228 | D:7      | Killed Pikel
  6229 | D:7      | Reached skill level 6 in Armour
  6229 | D:7      | Reached skill level 5 in Spellcasting
  6246 | D:7      | Became a worshipper of Vehumet
  6659 | D:7      | Found a glowing silver altar of Zin.
  7026 | D:8      | Reached skill level 7 in Armour
  7030 | D:8      | Noticed Joseph
  7040 | D:8      | Killed Joseph
  7304 | D:8      | Found a staircase to the Lair.
  7310 | D:8      | Noticed a komodo dragon
  7389 | D:8      | Reached skill level 8 in Armour
  7389 | D:8      | Reached XP level 10. HP: 26/61 MP: 18/18
  7499 | Lair:1   | Entered Level 1 of the Lair of Beasts
  7499 | Lair:1   | Found an iron altar of Okawaru.
  7789 | Lair:1   | Reached skill level 9 in Armour
  7876 | Lair:1   | Noticed a cane toad
  8023 | D:8      | Reached * piety under Vehumet
  8023 | D:8      | Offered knowledge of Freeze by Vehumet.
  8035 | D:8      | Noticed a two-headed ogre
  8045 | D:8      | Killed from afar by a meliai

Illustrated notes

Levels and vault maps discovered:
D:1:      psy_arrival_radial02, layout_basic, ebering_ecumenical_altar_ruins,
          serial_shops, shop
D:2:      layout_loops_cross, uniq_sigmund
D:3:      layout_basic, nicolae_ru_the_path_less_chosen,
          mainiacjoe_overflow_boulevard, old_standard_altar, okawaru_gym_becter,
          gup_sewer_entry_pipe, serial_shops, nicolae_square_shop,
          nicolae_wormholes, uniq_ijyb
D:4:      layout_loops_cross, fedhas_ov_isle_minmay, ebering_ghost_sewer_f
D:5:      layout_loops_cross, lemuel_doored_altar,
          minmay_temple_entry_glassed_door, minmay_misc_feat_encased,
          nicolae_custom_books, hellmonk_no_cap
D:6:      due_chaos_kobolds, layout_basic, mainiacjoe_overflow_alcove_2,
          mainiacjoe_overflow_alcove_1, cheibrodos_ashenzari_chains,
          serial_aquarium, aquarium_bridge_long_separate
          [aquarium_subvault_bridge, aquarium_subvault_window,
          aquarium_subvault_bridge, aquarium_subvault_window,
          aquarium_subvault_bridge, aquarium_subvault_bridge],
          aquarium_window_1, aquarium_window_2, aquarium_window_1,
          aquarium_window_2, aquarium_view_2d, aquarium_view_2e,
          aquarium_balcony_1a, minmay_holes, lightli_orcish_oven,
          uniq_prince_ribbit1
D:7:      layout_basic, nicolae_overflow_crystal_walls,
          chequers_temple_overflow_statue_of_worship, nicolae_grassy_gnolls,
          uniq_pikel, uniq_crazy_yiuf_cottage
D:8:      minmay_the_grid_octo_2x2 [minmay_the_grid_octo_concentric,
          minmay_the_grid_octo_horde, minmay_the_grid_octo_chip,
          minmay_the_grid_octo_prize_star], layout_gridville,
          grunt_gozag_statues, nemelex_diamond_rough_becter,
          david_lair_shrubbed, uniq_joseph, uniq_erica
Temple:   corrupted_temple
Lair:1:   beast_lair_carwin_large_1, layout_loops_ring, gammafunk_ghost_arena,
          basic_altar, nicolae_quartered_pool_impasse

Skill      XL: |  1  2  3  4  5  6  7  8  9 10 |
---------------+-------------------------------+-----
Earth Magic    | 4 5 6 8 |  8.8
Fighting       | 1 2 3 5 6 7 |  7.5
Armour         | 1 2 3 4 5 8 9 |  9.3
Spellcasting   | 3 4 5 6 |  6.5
Conjurations   | 2 5 |  5.0
Dodging        | |  1.5
Stealth        | |  2.2
Transmutations | |  0.7

Action                     |  1- 3 |  4- 6 |  7- 9 | 10-12 || total
---------------------------+-------+-------+-------+-------++-------
  Melee: Staff             |       |       |     1 |     6 ||     7
         Punch             |       |       |       |     1 ||     1
   Cast: Sandblast         |    49 |    74 |   153 |    36 ||   312
         Stone Arrow       |       |       |     5 |     3 ||     8
    Use: Scroll            |     2 |     1 |     9 |     2 ||    14
         Potion            |       |       |     2 |     5 ||     7
 Armour: Robe              |     5 |    14 |       |       ||    19
         Ring mail         |       |       |    54 |       ||    54
         Scale mail        |       |       |    45 |    38 ||    83
  Dodge: Dodged            |     3 |     7 |    54 |    21 ||    85

Table legend: (Time is in decaauts)
 A = Elapsed time spent in this place.
 B = Non-inter-level travel time spent in this place.
 C = Inter-level travel time spent in this place.
 D = Time resting spent in this place.
 E = Time spent auto-exploring this place.
 F = Levels seen in this place.
 G = Mean time per level.
                   A        B        C        D        E       F      G
               +--------+--------+--------+--------+--------+-----+--------+
         Total |   8184 |   7669 |    515 |   1417 |   3996 |  10 |  818.4 |
       Dungeon |   7760 |   7245 |    515 |   1180 |   3977 |   8 |  970.0 |
        Temple |     32 |     32 |      0 |      0 |      0 |   1 |   32.0 |
          Lair |    392 |    392 |      0 |    236 |     19 |   1 |  392.0 |
               +--------+--------+--------+--------+--------+-----+--------+

Top non-repeatable levels by time:
     D:7: 1548 daAuts
     D:1: 1148 daAuts
     D:5: 1122 daAuts
     D:6: 1006 daAuts
     D:3: 922 daAuts
     D:2: 695 daAuts
     D:4: 674 daAuts
     D:8: 641 daAuts
  Lair:1: 392 daAuts
  Temple: 32 daAuts
